 Dungeon Crawl Stone Soup version 0.19-a0-475-gfca3800 (webtiles) character file.

344623 shklvsk the Imperceptible (level 22, 0/120 HPs)
             Began as a Vine Stalker Assassin on Nov 5, 2014.
             Was the Champion of Dithmenos.
             Slain by a juggernaut (11 damage)
             ... on level 2 of the Depths on June 4, 2016.
             The game lasted 06:35:47 (58327 turns).

shklvsk the Imperceptible (Vine Stalker Assassin)  Turns: 58327, Time: 06:35:47

Health: 0/120      AC: 22    Str: 17    XL:     22   Next: 8%
Magic:  0/39       EV: 23    Int: 10    God:    Dithmenos [******]
Gold:   3838       SH:  0    Dex: 25    Spells: 6 memorised, 8 levels left

rFire  + . .     SeeInvis +     F - +7 quick blade (elec)
rCold  + . .     Gourm    .     V - +4 ring mail of the Alphagorgon {+Inv SInv}
rNeg   . . .     Faith    .     (no shield)
rPois  .         Spirit   +     b - +2 helmet
rElec  +         Dismiss  .     a - +2 cloak {rC+}
rCorr  .         Reflect  .     d - +0 pair of gloves "Ymneejiv" {rElec MP+9 Dex+3}
SustAt .         Harm     .     r - +2 pair of boots
MR     ++...                    e - amulet of magic regeneration
Stlth  ++++++++++               B - ring of see invisible {sInv, !d}
                                p - ring of protection from fire {rF+, !d}

@: lethally poisoned (0 -> -1), wreathed by umbra, heavily drained, very
resistant to hostile enchantments, uncannily stealthy
A: fangs 3, dopey 1, regeneration 3, magic shield, antimagic bite, no device
heal 3, rot immunity
a: Shadow Step, Shadow Form, Renounce Religion, Evoke Invisibility
}: 2/15 runes: decaying, gossamer


You were on level 2 of the Depths.
You worshipped Dithmenos.
Dithmenos was exalted by your worship.
You were hungry.

You visited 10 branches of the dungeon, and saw 46 of its levels.
You also visited: Labyrinth and Ice Cave.

You collected 4199 gold pieces.
You spent 361 gold pieces at shops.

Inventory:

Hand Weapons
 F - a +7 quick blade of electrocution (weapon)
   (You found it on level 11 of the Dungeon)
 X - the +2 battleaxe of Irhevvyrgh {chop, rF+ rN+}
   (You found it on level 10 of the Dungeon)

   It inflicts extra damage upon your enemies.
   It protects you from fire.
   It protects you from negative energy.
Missiles
 f - 2 tomahawks of dispersal {=f}
 N - 2 throwing nets {=f, !d}
Armour
 a - a +2 cloak of cold resistance (worn)
   (You found it in an ice cave)
 b - a +2 helmet (worn)
   (You found it on level 4 of the Swamp)
 d - the +0 pair of gloves "Ymneejiv" (worn) {rElec MP+9 Dex+3}
   (You found it on level 5 of the Spider Nest)

   It affects your dexterity (+3).
   It insulates you from electricity.
   It affects your magic capacity (+9).
 r - a +2 pair of boots (worn)
   (You found it on level 4 of the Dungeon)
 H - a +0 buckler of positive energy
   (You took it off a tengu reaver on level 1 of the Depths)
 L - the +1 buckler of Contentment {rElec rC+ MR- Int+3}
   (You found it on level 4 of the Spider Nest)

   It affects your intelligence (+3).
   It protects you from cold.
   It insulates you from electricity.
   It affects your resistance to hostile enchantments.
 M - the +3 salamander hide armour {+Rage rF++}
   (You found it in a labyrinth)

   It greatly protects you from fire.
   It lets you go berserk.
 S - a +4 troll leather armour {regen}
   (You found it on level 1 of the Lair of Beasts)
 V - the +4 ring mail of the Alphagorgon (worn) {+Inv SInv}
   (You found it on level 2 of the Spider Nest)

   It lets you see invisible.
   It lets you turn invisible.
Jewellery
 e - an amulet of magic regeneration (around neck)
   (You found it on level 6 of the Lair of Beasts)
 p - a ring of protection from fire (left hand) {rF+, !d}
   (You found it on level 1 of the Depths)
 u - an uncursed ring of poison resistance {rPois, !d}
   (You took it off a removed MONS_DEEP_ELF_SUMMONER on level 1 of the Elven Halls)
 B - a ring of see invisible (right hand) {sInv, !d}
   (You found it on level 5 of the Swamp)
 C - an uncursed ring of fire {rF+, rC-}
   (You found it on level 4 of the Dungeon)
 R - an uncursed ring of protection from magic {MR+, !d}
   (You found it on level 4 of the Lair of Beasts)
 W - an uncursed ring of positive energy {rN+}
   (You took it off Arachne on level 3 of the Spider Nest)
Wands
 l - a wand of disintegration (3/24)
   (You found it on level 1 of the Spider Nest)
 y - a wand of digging (20/24)
   (You found it on level 6 of the Dungeon)
 O - a wand of iceblast (6/15)
   (You found it on level 3 of the Vaults)
 Q - a wand of lightning (3/15)
   (You found it on level 9 of the Dungeon)
 U - a wand of acid (6/15)
   (You found it on level 14 of the Dungeon)
Scrolls
 h - 12 scrolls of remove curse
 o - 5 scrolls of fog
 t - 2 scrolls of fear
 v - 3 scrolls of silence
 x - 2 scrolls of amnesia
 A - 5 scrolls of magic mapping {!r}
 T - a scroll of holy word {!r}
 Y - a scroll of identify
Potions
 j - 2 potions of cancellation
 k - a potion of invisibility
 m - 13 potions of curing
 s - 5 potions of resistance
 w - 4 potions of lignification {!q}
 D - 8 potions of might
 E - 6 potions of magic
 G - 4 potions of haste
 J - 3 potions of flight
Miscellaneous
 Z - a phantom mirror
Comestibles
 g - 15 bread rations {@e1}
 i - 15 meat rations {@e2}
 n - 13 fruits


   Skills:
 * Level 14.0(12.4) Fighting
 - Level 9.7(8.2) Short Blades
   Level 3.6(2.3) Bows
 + Level 4.4(3.2) Throwing
 * Level 11.2(9.7) Armour
 + Level 14.1(12.5) Dodging
 + Level 21.7(19.7) Stealth
 - Level 5.3(4.0) Shields
 * Level 4.1(2.8) Conjurations
 + Level 2.5(1.3) Hexes
 + Level 9.3(7.8) Charms
 + Level 9.1(7.7) Necromancy
 * Level 3.8(2.5) Earth Magic
 + Level 9.8(8.3) Invocations
 * Level 10.2(8.7) Evocations


You had 8 spell levels left.
You knew the following spells:

 Your Spells              Type           Power        Failure   Level  Hunger
a - Corona                Hex            #......      38%         1    ##.....
b - Regeneration          Chrm/Necr      ###.......   10%         3    ####...
c - Animate Skeleton      Necr           N/A          2%          1    ##.....
d - Apportation           Tloc           #.........   65%         1    ##.....
e - Summon Small Mammal   Summ           #...         65%         1    ##.....
f - Iron Shot             Conj/Erth      #.........   100%        6    #######


Dungeon Overview and Level Annotations

Branches:
Dungeon (15/15)            Temple (1/1) D:5            Lair (8/8) D:11
  Swamp (5/5) Lair:3       Spider (5/5) Lair:6          Orc (4/4) D:9
    Elf (1/3) Orc:4        Vaults (4/5) D:14          Crypt (0/3) Vaults:2
 Depths (2/5) D:15           Hell (1/1)
  Slime: Lair:6-8       Dis: Hell:1         Geh: Hell:1         Coc: Hell:1
    Tar: Hell:1

Altars:
Ashenzari
Cheibriados
Dithmenos
Elyvilon
Fedhas
Gozag
Kikubaaqudgha
Makhleb
Nemelex Xobeh
Okawaru
Qazlal
Ru
Sif Muna
Trog
Vehumet
Xom
Yredelemnul
Zin
The Shining One
Beogh
Lugonu

Shops:
D:9 (   D:11 }   Orc:3 (   Orc:4 ([=*   Vaults:3 (   Vaults:4 (   Depths:2 *

Portals:
Hell: Depths:1 Depths:2
Abyss: Depths:2

Annotations:
D:13 exclusions: 2 centaurs, daeva and 3 downstairs, Erolcha
Lair:2 exclusion: upstairs
Lair:7 exclusions: 2 downstairs and 2 oklob plants
Swamp:4 exclusion: Mara
Spider:4 exclusion: Aizul, Aizul
Orc:1 Duvessa
Orc:2 exclusion: upstairs
Elf:1 Frances
Vaults:2 exclusion: Saint Roka
Hell Geryon


Innate Abilities, Weirdness & Mutations

You have razor-sharp teeth.
You regenerate.
When hurt, damage is shared between your health and your magic reserves.
Your bite disrupts and absorbs the magic of your enemies.
Potions and wands cannot restore your health.
You are immune to rotting.
You are dopey. (Int -2)


Message History

The deep troll shouts!
Your bite misses the ice dragon.
You hit the ice dragon but do no damage.
You bite the ice dragon. You drain its power.
You feel invigorated.
Your shadow hits the ice dragon but does no damage.
You feel sick.
You take 1 damage, and have 94/120 hp.
MP restored: 39 You hit the ice dragon but do no damage.
Your bite misses the ice dragon. The ice dragon barely misses you.
The ice dragon claws you but does no damage.
The ice dragon misses you.
You hit the ice dragon but do no damage.
You bite the ice dragon! You drain its power.
Your shadow hits the ice dragon but does no damage.
The reaper hits you with a scythe of venom.
You take 1 damage, and have 93/120 hp.
You puncture the ice dragon!
You bite the ice dragon, but do no damage.
A deep troll earth mage comes into view.
The deep troll earth mage shouts!
You hit the ice dragon.
The ice dragon bites you but does no damage.
The ice dragon claws you but does no damage.
The ice dragon closely misses you.
You hit the ice dragon but do no damage.
You bite the ice dragon. You drain its power. You closely miss the ice dragon.
You bite the ice dragon, but do no damage.
You hit the ice dragon. Your bite misses the ice dragon.
The reaper hits you with a scythe of venom!!
You are more poisoned.
You take 19 damage, and have 75/120 hp.
You now have 32/39 mp.
The rock wall explodes into countless fragments.
This wand has 3 charges left.
You feel sick.
You hear a shout!
The ice dragon completely misses you. The ice dragon barely misses you.
The ice dragon tramples you!
You hold your ground!
A deep troll comes into view.
You take 6 damage, and have 69/120 hp.
You now have 31/39 mp.
You barely miss the deep troll shaman.
You feel sick.
The deep troll moves out of view.
The ice dragon bites you but does no damage.
The ice dragon claws you. The ice dragon closely misses you.
A deep troll comes into view.
You take 4 damage, and have 65/120 hp.
You now have 29/39 mp.
You completely miss the deep troll shaman.
The deep troll shouts!
You bite the deep troll shaman, but do no damage.
You feel sick.
The reaper disappears in a puff of smoke!
You take 1 damage, and have 64/120 hp.
You hit the deep troll shaman. You bite the deep troll shaman!
You drain its power.
You feel invigorated.
The deep troll shaman completely misses you. x3
You regained 8 mp, and now have 37/39 mp.
You hit the deep troll shaman. Your bite misses the deep troll shaman.
You feel sick. The ice dragon completely misses you.
The ice dragon claws you but does no damage.
The ice dragon tramples you but does no damage.
You take 1 damage, and have 64/120 hp.
You hit the deep troll shaman. Your bite misses the deep troll shaman.
You puncture the deep troll shaman!
There is a sudden explosion of sparks!
You kill the deep troll shaman!
Dithmenos accepts your kill.
You feel sick. The juggernaut hits you!!!
* * * LOW HITPOINT WARNING * * *
The juggernaut hits you but does no damage.
You hear a horrible gurgling sound!
You take 39 damage, and have 25/120 hp.
MASSIVE DAMAGE!!
You now have 15/39 mp.
You feel sick. The ice dragon breathes frost at you.
The blast of cold hits you! You resist.
* * * LOW HITPOINT WARNING * * *
The deep troll completely misses you. x2; The deep troll misses you.
The deep troll earth mage points next to you and mumbles some strange words.
Some rock shatters into small pieces.
You see here a deep troll corpse.
You take 11 damage, and have 14/120 hp.
You now have 10/39 mp.
You feel sick.
The deep troll earth mage gestures next to you while chanting.
Some rock shatters into small pieces.
The deep troll shouts!
You feel sick.
You take 1 damage, and have 13/120 hp.
You feel sick.
You feel sick.
The deep troll earth mage gestures next to the deep troll while chanting.
Some rock shatters into small pieces.
You take 1 damage, and have 12/120 hp.
You feel sick. The ice dragon breathes frost at you.
The blast of cold misses you.
As you read the scroll of fog, it crumbles to dust.
The scroll dissolves into smoke.
You feel sick. The juggernaut hits you.
* * * LOW HITPOINT WARNING * * *
The juggernaut hits you!!
You die...

#########..##..........#.....).#.
#§...#.....................)..
####§##.#................###.....
..§§§C§.#..#########......##.....
..§#§#§.#..# #...##......#)....
..C#§#§§#..#####.................
'....§T§...............T.....###.
.#.#...§...#.#######.#.#......# .
.#.#.#.###....§§@DT#)#.##......#
)#.#......(.#.#§§CTT...###.......
)#.#.#.####.#.....§....# ##.$....
.#.#.#.# #.#.##.#J#.J.# ##...##
##.#§#.# #.#.##.....#.# #####
#..§.#.# #.#.###..#.#.# .§≈≈§..#
#.#.###..#.#J#
)......####....§...#(#.#
.)≈≈.§.)()...§≈≈....J..#


You could see a juggernaut, an ice dragon, a slime creature, 2 deep trolls and a
deep troll earth mage.

Vanquished Creatures
  Saint Roka (Vaults:2)
  Norris (Vaults:3)
  A golden dragon (Depths:1)
  Jory (Vaults:3)
  Arachne (Spider:3)
  A titan (Depths:2)
  An ancient champion (Depths:1)
  2 sphinxes
  4 thorn hunters
  The ghost of nht the Fencer, an adept MfBe of Trog (Spider:2)
  Kirke (D:14)
  4 fire giants
  3 vault wardens
  A tengu reaver (Depths:1)
  Wiglaf (Vaults:2)
  A frost giant (Vaults:4)
  9 ghost moths
  A balrug (Depths:2)
  Louise (Spider:4)
  3 emperor scorpions
  An orc warlord (Orc:4)
  A cacodemon (Depths:1)
  Gastronok (D:11)
  7 ironheart preservers
  A spriggan defender (Depths:2)
  A reaper (Depths:1)
  3 very ugly things (Depths:1)
  6 stone giants
  The ghost of ConnectionFaild the Marksgargoyle, a powerful GrHu of Okawaru (D:14)
  A deep elf demonologist (Vaults:3)
  A lorocyproca (Depths:1)
  7 ettins
  6 spark wasps
  A minotaur (Lab)
  3 fire dragons
  9 yaktaur captains
  Josephine (Swamp:1)
  Fannar (D:13)
  3 ice dragons
  3 entropy weavers
  4 great orbs of eyes
  20 hydras
  A spriggan air mage (Depths:1)
  14 centaur warriors
  Erica (Orc:4)
  3 rakshasas
  13 ogre magi
  4 deep troll earth magi
  A tengu warrior (D:15)
  4 hell hogs (Depths:1)
  6 deep troll shamans
  7 death yaks
  10 alligators
  3 orc high priests (Orc:4)
  A soul eater (Hell)
  2 sun demons (Depths:1)
  2 fire crabs
  4 deep elf knights (Vaults:3)
  15 skeletal warriors
  A hell knight (D:15)
  A shadow wraith (Vaults:4)
  A spriggan druid (Swamp:4)
  3 ice devils
  2 unseen horrors (shapeshifter) (Vaults:2)
  2 removed
  MONS_DEEP_ELF_SUMMONERs (Elf:1)
  4 phantasmal warriors
  6 swamp dragons
  12 deep trolls
  An unseen horror (D:15)
  2 giant orange brains
  A swamp dragon (shapeshifter) (Depths:1)
  2 spectral hydras (Swamp:5)
  3 deep elf archers
  8 ironbrand convokers
  A flayed ghost (Vaults:2)
  2 ice statues (IceCv)
  A death drake (Swamp:5)
  3 shambling mangroves
  14 orc knights
  6 necromancers
  6 hill giants
  2 sphinx zombies
  5 griffons
  2 wizards
  28 orb spiders
  8 orc sorcerers
  5 hornets
  28 ugly things
  2 removed
  MONS_DEEP_ELF_CONJURERs (Elf:1)
  A moth of wrath (Spider:3)
  40 wolf spiders
  A sixfirhy (Depths:1)
  A stone giant zombie (Vaults:3)
  A manticore (D:15)
  A human skeleton (Vaults:3)
  3 cyclopes
  A salamander (Depths:2)
  Maurice (D:12)
  14 elephants
  11 vault sentinels
  4 black mambas
  2 orange demons (Depths:1)
  A guardian serpent (D:12)
  An elephant (shapeshifter) (D:15)
  3 torpor snails
  A guardian serpent (shapeshifter) (Vaults:4)
  2 gargoyles
  A rime drake (shapeshifter) (Vaults:1)
  28 spiny frogs
  3 freezing wraiths
  5 swamp worm zombies (Swamp:5)
  35 yaktaurs
  10 komodo dragons
  3 kobold demonologists
  2 hellwings
  11 demonic crawlers
  4 rime drakes
  A removed MONS_DEEP_ELF_PRIEST (Elf:1)
  34 jumping spiders
  A queen bee (Spider:1)
  A tengu conjurer (Depths:1)
  A wandering mushroom (Lair:7)
  9 removed
  MONS_BLUE_DEVILs (IceCv)
  A troll (shapeshifter) (Vaults:2)
  A merfolk (shapeshifter) (Vaults:2)
  10 giant leeches
  2 red devils (Depths:2)
  2 polar bears
  4 hydra zombies (Swamp:5)
  Prince Ribbit (D:8)
  3 spectral swamp dragons (Swamp:5)
  27 two-headed ogres
  3 boulder beetles
  3 alligator zombies
  12 trolls
  15 bog bodies
  A raiju (shapeshifter) (Vaults:4)
  An ice dragon zombie (Depths:1)
  11 blink frogs
  2 fire giant simulacra
  6 basilisks
  A slime creature (shapeshifter) (Depths:1)
  10 slime creatures
  4 spriggans
  7 water elementals
  17 deep elf magi
  2 spriggans (shapeshifter)
  68 redbacks
  A deep troll skeleton (Depths:1)
  The ghost of
  1100001001 the Ruffian, an average TrCK of Xom (D:4)
  2 wyverns
  21 removed MONS_TRAPDOOR_SPIDERs
  A yak (shapeshifter) (Depths:1)
  3 shadows
  3 hungry ghosts
  50 yaks
  44 vampire mosquitoes
  3 wraiths (Swamp:1)
  Grum (D:9)
  32 tarantellas
  8 wargs
  6 removed MONS_DEEP_ELF_FIGHTERs
  A hog (D:14)
  21 humans (D:14)
  12 hippogriffs
  6 wolves
  14 water moccasins
  Edmund (D:8)
  14 insubstantial wisps
  2 mottled dragons
  45 orc warriors
  41 swamp worms
  3 hell hounds
  2 sky beasts
  10 porcupines
  An eye of draining (D:11)
  4 ice beasts
  8 spiders (Lair:6)
  An ice beast (shapeshifter) (Depths:1)
  9 phantoms
  12 wasps
  A necrophage (D:11)
  6 swamp drakes
  4 boggarts (Vaults:1)
  3 swamp dragon zombies (Swamp:5)
  22 crocodiles
  58 ogres
  7 removed MONS_BORING_BEETLEs
  14 centaurs
  3 removed MONS_BRAIN_WORMs
  2 human zombies
  6 big kobolds
  2 gnoll sergeants (D:9)
  44 giant frogs
  2 scorpions
  9 killer bees (Spider:1)
  An elf simulacrum (Vaults:1)
  2 wights (D:11)
  12 electric eels
  13 crimson imps
  A yaktaur simulacrum (Depths:1)
  Dowan (Orc:1)
  A giant frog zombie (D:7)
  2 beetles
  14 hounds
  28 orc priests
  3 basilisk zombies (Lair:7)
  A gnoll shaman (D:7)
  34 orc wizards
  15 iguanas
  11 worker ants
  A spectral swamp drake (Swamp:5)
  32 sheep
  Ijyb (D:2)
  Jessica (D:2)
  A hound zombie (D:5)
  A hound skeleton (D:6)
  27 adders
  13 gnolls
  2 swamp drake zombies (Swamp:5)
  29 river rats
  A removed MONS_GIANT_MITE (D:5)
  A shadow imp (Temple)
  9 white imps (IceCv)
  12 worms
  4 ufetubi (IceCv)
  7 giant geckos
  An ooze (D:3)
  194 orcs
  2 ball pythons
  4 bat zombies (D:6)
  7 giant cockroaches
  16 hobgoblins
  14 jackals
  44 kobolds
  12 quokkas
  11 bats
  9 giant newts
  A giant spore (D:10)
  25 goblins
  A hobgoblin zombie (D:8)
  A jackal zombie (D:6)
  3 kobold zombies
  A quokka zombie (D:6)
  13 rats
  3 rat skeletons
  A rat zombie (D:6)
  3 ballistomycetes (D:10)
  2 plants (Lair:8)
2041 creatures vanquished.

Vanquished Creatures (others)
  A vault guard (D:14)
  An ogre mage (Vaults:3)
  A hill giant (D:14)
  A griffon (Vaults:3)
  2 humans (D:14)
  A swamp drake (Swamp:5)
  2 centaurs (D:14)
  An orc priest (Orc:3)
  A hound (D:14)
  2 white imps (IceCv)
  2 ufetubi (IceCv)
  A briar patch (Swamp:4)
  8 fungi
  6 plants
30 creatures vanquished.

Grand Total: 2071 creatures vanquished

Notes
Turn   | Place    | Note
--------------------------------------------------------------
     0 | D:1      | shklvsk, the Vine Stalker Assassin, began the quest for the Orb.
     0 | D:1      | Reached XP level 1. HP: 11/11 MP: 1/1
    37 | D:1      | Reached skill level 5 in Stealth
   152 | D:1      | Reached XP level 2. HP: 15/15 MP: 3/3
   790 | D:2      | Found a bloodstained altar of Trog.
   792 | D:2      | Reached XP level 3. HP: 18/18 MP: 4/4
   798 | D:2      | Noticed Jessica
   895 | D:2      | Killed Jessica
   895 | D:2      | Reached skill level 6 in Stealth
  1017 | D:2      | Reached XP level 4. HP: 12/23 MP: 5/5
  1246 | D:2      | Noticed Ijyb
  1273 | D:2      | Killed Ijyb
  1273 | D:2      | Reached skill level 1 in Dodging
  1646 | D:3      | Reached skill level 7 in Stealth
  1884 | D:3      | Reached XP level 5. HP: 26/26 MP: 7/7
  2425 | D:3      | Found a sacrificial altar of Ru.
  2734 | D:4      | Noticed 1100001001's ghost (average TrCK)
  2847 | D:4      | Gained mutation: You heal very quickly. [vine stalker growth]
  2847 | D:4      | Reached XP level 6. HP: 13/30 MP: 4/8
  3030 | D:4      | Noticed an ogre
  3424 | D:5      | Entered Level 5 of the Dungeon
  3533 | D:5      | Found a staircase to the Ecumenical Temple.
  3539 | Temple   | Entered the Ecumenical Temple
  3621 | Temple   | Became a worshipper of Dithmenos the Shadowed
  3665 | D:5      | Reached skill level 8 in Stealth
  3711 | D:5      | Reached XP level 7. HP: 15/35 MP: 3/9
  3768 | D:5      | Found a blossoming altar of Fedhas.
  3768 | D:5      | Found a snail-covered altar of Cheibriados.
  3768 | D:5      | Found a shimmering altar of Xom.
  3854 | D:5      | Reached skill level 1 in Invocations
  3854 | D:5      | Reached skill level 1 in Evocations
  4790 | D:6      | HP: 1/35 [centaur (7)]
  4804 | D:6      | Reached skill level 9 in Stealth
  4804 | D:6      | Gained mutation: You have razor-sharp teeth. [vine stalker growth]
  4804 | D:6      | Reached XP level 8. HP: 7/39 MP: 8/12
  4915 | D:6      | Identified the Catalogue of Beguiling
  4918 | D:6      | Learned a level 1 spell: Corona
  5251 | D:6      | Reached skill level 1 in Hexes
  6127 | D:6      | Reached skill level 10 in Stealth
  6603 | D:6      | Found an ancient bone altar of Kikubaaqudgha.
  6781 | D:7      | Reached skill level 11 in Stealth
  6840 | D:8      | Reached XP level 9. HP: 30/43 MP: 10/13
  7123 | D:8      | Noticed Prince Ribbit
  7288 | D:8      | Reached * piety under Dithmenos
  7434 | D:8      | Found an iron altar of Okawaru.
  7919 | D:8      | Noticed Edmund
  8751 | D:9      | Noticed Grum
  8775 | D:8      | Killed Edmund
  8775 | D:8      | Reached skill level 12 in Stealth
  9085 | D:9      | Found Ilaesemu's Antique Weapon Shop.
  9133 | D:9      | Found a staircase to the Orcish Mines.
  9169 | D:9      | Reached skill level 5 in Short Blades
  9169 | D:9      | Reached skill level 5 in Dodging
  9169 | D:9      | Reached XP level 10. HP: 45/49 MP: 14/17
  9234 | D:9      | Reached skill level 1 in Armour
  9255 | D:9      | Found a stormy altar of Qazlal.
  9270 | D:9      | Found a shimmering altar of Xom.
  9764 | D:9      | Reached ** piety under Dithmenos
  9963 | D:10     | Entered Level 10 of the Dungeon
 10239 | D:10     | Got a transparent battleaxe
 10242 | D:10     | Identified the +2 battleaxe of Irhevvyrgh {chop, rF+ rN+} (You found it on level 10 of the Dungeon)
 10842 | D:11     | Found a staircase to the Lair.
 10868 | Lair:1   | Entered Level 1 of the Lair of Beasts
 11317 | Lair:2   | Reached skill level 13 in Stealth
 11341 | Lair:1   | Noticed a black mamba
 11343 | Lair:1   | Killed a black mamba
 11404 | Lair:1   | Got a faintly humming leather armour
 11405 | Lair:1   | Identified the +1 leather armour of the Exiled Planets {Int+3} (You found it on level 1 of the Lair of Beasts)
 11454 | Lair:1   | Found a sacrificial altar of Ru.
 11667 | Lair:1   | Reached XP level 11. HP: 51/54 MP: 20/20
 11721 | Lair:1   | Noticed a four-headed hydra
 12362 | Lair:4   | Reached *** piety under Dithmenos
 12362 | Lair:4   | Reached skill level 14 in Stealth
 12435 | Lair:4   | Reached skill level 5 in Fighting
 12903 | Lair:4   | Noticed an eight-headed hydra
 12930 | Lair:3   | Noticed a death yak
 12931 | Lair:3   | Noticed a death yak
 12932 | Lair:3   | Noticed a death yak
 12934 | Lair:3   | Noticed a death yak
 13318 | Lair:5   | Gained mutation: You regenerate. [vine stalker growth]
 13318 | Lair:5   | Reached XP level 12. HP: 40/60 MP: 21/21
 13375 | Lair:5   | Found an opulent altar of Gozag.
 13692 | Lair:6   | Reached skill level 15 in Stealth
 13732 | Lair:6   | Reached skill level 5 in Armour
 13960 | Lair:6   | Found a hole to the Spider Nest.
 13998 | Lair:6   | Found a sacrificial altar of Ru.
 14665 | Lair:4   | Reached **** piety under Dithmenos
 15737 | D:11     | Got a sheer robe
 15738 | D:11     | Identified the cursed -4 robe of Hetod {Str+2 Dex+5} (You found it on level 11 of the Dungeon)
 15984 | D:11     | Found Titala's Gadget Shop.
 15984 | D:11     | Noticed a purple ugly thing
 16019 | D:11     | Noticed Gastronok
 16080 | D:12     | Killed a purple ugly thing
 16080 | D:12     | Reached skill level 16 in Stealth
 16359 | D:12     | Noticed Maurice
 16367 | D:12     | Killed Maurice
 16448 | D:12     | Noticed a seven-headed hydra
 16456 | D:12     | Killed a seven-headed hydra
 17114 | D:13     | Reached XP level 13. HP: 65/65 MP: 22/22
 17225 | D:13     | Noticed a centaur warrior
 17288 | D:13     | Noticed Fannar
 17304 | D:13     | Killed Fannar
 17633 | D:13     | Found a glowing silver altar of Zin.
 17635 | D:13     | Noticed a daeva
 18112 | D:13     | Noticed Erolcha
 18427 | D:14     | Found a gate to the Vaults.
 18427 | D:14     | Noticed a vault guard
 18531 | D:14     | Found a labyrinth entrance.
 18546 | Lab      | Entered a labyrinth
 18896 | Lab      | Noticed a minotaur
 18932 | Lab      | Killed a minotaur
 18934 | Lab      | Got a smoking brass ring
 18962 | Lab      | Identified the Volume of Displaced Cold
 18973 | Lab      | Identified the ring of Lym Ohos {MP+9 Dex-3 Int+3} (You took it off a minotaur in a labyrinth)
 19173 | D:14     | Noticed Kirke
 19186 | D:14     | Killed Kirke
 19393 | D:14     | Killed a vault guard
 19800 | D:14     | Noticed ConnectionFaild's ghost (powerful GrHu)
 19823 | D:14     | Found a glowing golden altar of the Shining One.
 19965 | D:15     | Entered Level 15 of the Dungeon
 20287 | D:15     | Reached XP level 14. HP: 72/72 MP: 24/24
 20316 | D:15     | Noticed an ettin
 20332 | D:15     | Reached skill level 17 in Stealth
 20374 | D:15     | Found a staircase to the Depths.
 20592 | D:15     | Reached skill level 5 in Evocations
 20850 | D:15     | Killed an ettin
 21114 | D:12     | Upgraded the game from 0.16-a0-1885-g0f03bb0 to 0.16-a0-1970-g0967df0
 21833 | Lair:3   | Found a staircase to the Swamp.
 23888 | Lair:8   | Entered Level 8 of the Lair of Beasts
 24439 | Lair:1   | Killed a four-headed hydra
 24536 | Orc:1    | Entered Level 1 of the Orcish Mines
 24605 | Orc:1    | Found a roughly hewn altar of Beogh.
 25313 | Orc:1    | Noticed Dowan
 25405 | Orc:3    | Found Nohoukof's Weapon Shop.
 25413 | Orc:3    | Reached XP level 15. HP: 75/79 MP: 26/26
 25580 | Orc:4    | Entered Level 4 of the Orcish Mines
 25580 | Orc:4    | Found a frozen archway.
 25586 | Orc:4    | Noticed Erica
 25606 | IceCv    | Entered an ice cave
 26165 | IceCv    | Reached skill level 1 in Shields
 26336 | IceCv    | Got a shimmering demon trident
 26528 | Orc:4    | Killed Erica
 26569 | Orc:4    | Found Voff's Jewellery Boutique.
 26647 | Orc:4    | Found Diewuhau's Antique Weapon Boutique.
 26705 | Orc:4    | Found a staircase to the Elven Halls.
 26713 | Orc:4    | Found Klunlyli's Antique Armour Emporium.
 26722 | Elf:1    | Entered Level 1 of the Elven Halls
 26776 | Elf:1    | Reached skill level 5 in Shields
 27168 | Elf:1    | Noticed Frances
 27658 | Orc:4    | Reached skill level 5 in Invocations
 27830 | Orc:4    | Found Paphegie's General Store.
 27971 | Orc:4    | Bought a scroll of identify for 28 gold pieces
 27971 | Orc:4    | Bought a potion of curing for 28 gold pieces
 27972 | Orc:4    | Bought a scroll of fear for 49 gold pieces
 27973 | Orc:4    | Identified the cursed -1 demon trident of Buppirghy {pierce, rC+ rN+} (You found it in an ice cave)
 28539 | Orc:3    | Found a roughly hewn altar of Beogh.
 29149 | Orc:2    | Found a shimmering altar of Xom.
 29337 | Orc:2    | Reached skill level 10 in Dodging
 29488 | Orc:1    | Killed Dowan
 29493 | Orc:1    | Noticed Duvessa
 30757 | D:4      | Killed an ogre
 30860 | D:4      | Killed 1100001001's ghost
 31026 | D:8      | Killed Prince Ribbit
 31239 | D:9      | Killed Grum
 31329 | D:10     | Learned a level 3 spell: Regeneration
 31905 | D:11     | Killed Gastronok
 32325 | D:13     | Killed a centaur warrior
 32943 | D:14     | Killed ConnectionFaild's ghost
 33113 | D:13     | Reached skill level 1 in Charms
 33339 | Lair:7   | Reached skill level 1 in Necromancy
 33422 | Lair:7   | Reached XP level 16. HP: 78/85 MP: 28/28
 33423 | Lair:7   | Reached skill level 10 in Fighting
 34297 | Lair:8   | Learned a level 1 spell: Animate Skeleton
 34299 | Lair:8   | Learned a level 1 spell: Apportation
 34301 | Lair:8   | Learned a level 1 spell: Summon Small Mammal
 34334 | Lair:8   | Got a jewelled large shield
 34335 | Lair:8   | Identified the +3 large shield of Naoril {Str+2 Stlth+} (You found it on level 8 of the Lair of Beasts)
 35033 | Lair:8   | Upgraded the game from 0.16-a0-1970-g0967df0 to 0.16-a0-3714-geb26cbe
 35033 | Lair:8   | Upgraded the game from 0.16-a0-3714-geb26cbe to 0.16-a0-3758-g7fc8210
 35033 | Lair:8   | Upgraded the game from 0.16-a0-3758-g7fc8210 to 0.16-a0-4005-g3d13fd6
 35033 | Lair:8   | Upgraded the game from 0.16-a0-4005-g3d13fd6 to 0.17-a0-1863-g715b4b0
 35033 | Lair:8   | Upgraded the game from 0.17-a0-1863-g715b4b0 to 0.18-a0-486-gab6c0bd
 35133 | Lair:3   | Reached skill level 3 in Charms
 35138 | Swamp:1  | Entered Level 1 of the Swamp
 35369 | Swamp:1  | Noticed Josephine
 36247 | Swamp:2  | Reached skill level 6 in Invocations
 36283 | Swamp:2  | Reached skill level 11 in Dodging
 36574 | Swamp:2  | Reached skill level 9 in Armour
 36665 | Swamp:2  | Reached skill level 11 in Fighting
 37609 | Swamp:3  | Reached skill level 18 in Stealth
 37691 | Swamp:3  | Reached skill level 3 in Necromancy
 37691 | Swamp:3  | Reached XP level 17. HP: 91/91 MP: 23/23
 37901 | Swamp:3  | Reached skill level 4 in Charms
 37953 | Swamp:4  | Identified a scroll of acquirement
 37954 | Swamp:4  | Got a slimy hat
 37965 | Swamp:4  | Identified the +0 hat of the Alphagorgon {rElec} (You acquired it on level 4 of the Swamp)
 38063 | Swamp:4  | Noticed Mara
 38337 | Swamp:5  | Entered Level 5 of the Swamp
 39114 | Swamp:5  | Reached skill level 4 in Necromancy
 39262 | Swamp:5  | Reached skill level 7 in Invocations
 39486 | Swamp:5  | Noticed a bone dragon
 39880 | Swamp:5  | Got a decaying rune of Zot
 40240 | Swamp:1  | Killed Josephine
 40284 | Swamp:1  | Reached skill level 8 in Evocations
 40313 | Swamp:1  | Reached skill level 5 in Charms
 40732 | Spider:1 | Entered Level 1 of the Spider Nest
 41590 | Spider:2 | Got a distressingly furry ring mail
 41610 | Spider:2 | Identified the +4 ring mail of the Alphagorgon {+Inv SInv} (You found it on level 2 of the Spider Nest)
 41674 | Spider:2 | Reached skill level 5 in Necromancy
 41684 | Spider:2 | Noticed nht's ghost (adept MfBe)
 42112 | Spider:2 | Killed nht's ghost
 42170 | Spider:2 | Reached XP level 18. HP: 97/97 MP: 25/25
 42696 | Spider:3 | Noticed Arachne
 42875 | Spider:3 | Reached skill level 12 in Dodging
 43103 | Spider:4 | Reached skill level 19 in Stealth
 43299 | Spider:4 | Reached skill level 12 in Fighting
 43299 | Spider:4 | Reached skill level 6 in Charms
 43301 | Spider:4 | Noticed Aizul
 43395 | Spider:4 | Got a scorched buckler
 43406 | Spider:4 | Identified the +1 buckler of Contentment {rElec rC+ MR- Int+3} (You found it on level 4 of the Spider Nest)
 43412 | Spider:5 | Entered Level 5 of the Spider Nest
 43980 | Spider:5 | Reached skill level 6 in Necromancy
 44001 | Spider:5 | Reached skill level 8 in Invocations
 44218 | Spider:5 | Got a pair of ancient gloves
 44275 | Spider:5 | Identified the +0 pair of gloves "Ymneejiv" {rElec MP+9 Dex+3} (You found it on level 5 of the Spider Nest)
 44343 | Spider:5 | Reached skill level 10 in Armour
 44572 | Spider:5 | Got a gossamer rune of Zot
 44577 | Spider:5 | HP: 24/98 [poisoned by a redback]
 44582 | Spider:5 | HP: 22/98 [poisoned by a redback]
 44587 | Spider:5 | HP: 24/98 [poisoned by a redback]
 45062 | Spider:4 | Noticed Louise
 45138 | Spider:4 | Killed Louise
 45297 | Spider:4 | Reached XP level 19. HP: 91/102 MP: 26/26
 46294 | Spider:3 | Reached skill level 7 in Charms
 46425 | Spider:3 | Killed Arachne
 46632 | Spider:2 | Reached skill level 7 in Necromancy
 46713 | Lair:6   | Upgraded the game from 0.18-a0-486-gab6c0bd to 0.19-a0-475-gfca3800
 46975 | Vaults:1 | Entered Level 1 of the Vaults
 47765 | Vaults:1 | Reached skill level 1 in Bows
 48142 | Vaults:1 | Reached skill level 20 in Stealth
 48547 | Vaults:2 | Found a staircase to the Crypt.
 48547 | Vaults:2 | Found an ancient bone altar of Kikubaaqudgha.
 48548 | Vaults:2 | Found a basalt altar of Yredelemnul.
 48791 | Vaults:2 | Noticed Wiglaf
 48794 | Vaults:2 | Killed Wiglaf
 48830 | Vaults:2 | Reached skill level 2 in Bows
 48846 | Vaults:2 | Reached skill level 13 in Dodging
 49103 | Vaults:2 | Reached skill level 8 in Necromancy
 49400 | Vaults:2 | Reached skill level 8 in Charms
 49400 | Vaults:2 | Reached XP level 20. HP: 108/108 MP: 27/27
 49550 | Vaults:2 | Noticed Saint Roka
 49766 | Vaults:3 | Reached skill level 3 in Bows
 50446 | Vaults:3 | Found Sairel's Weapon Emporium.
 50658 | Vaults:3 | Reached skill level 13 in Fighting
 50668 | Vaults:3 | Noticed Norris
 50673 | Vaults:3 | Killed Norris
 50906 | Vaults:3 | Reached skill level 9 in Evocations
 51463 | Vaults:3 | Noticed Jory
 51511 | Vaults:3 | Killed Jory
 51600 | Vaults:2 | Killed Saint Roka
 51759 | Vaults:3 | Reached skill level 9 in Charms
 51860 | Vaults:3 | Reached skill level 21 in Stealth
 52037 | Vaults:4 | Reached skill level 9 in Necromancy
 52479 | Vaults:4 | Reached skill level 9 in Invocations
 52547 | Vaults:4 | HP: 19/109 [deep troll[an ironheart preserver] (9)]
 52689 | Vaults:4 | Identified a +1 rod of clouds (13/13) (You found it on level 4 of the Vaults)
 52737 | Vaults:4 | Reached XP level 21. HP: 114/114 MP: 29/29
 52884 | Vaults:4 | Found Fejuedar's Antique Weapon Boutique.
 52898 | Vaults:4 | Bought an ancient short sword for 256 gold pieces
 52898 | Vaults:4 | Identified the +3 short sword of Duzeisab {venom, rElec rN++ Str-2 Dex+2} (You bought it in a shop on level 4 of the Vaults)
 53735 | D:13     | Learned a level 6 spell: Iron Shot
 54233 | Depths:1 | Entered Level 1 of the Depths
 54318 | Depths:1 | Reached skill level 1 in Conjurations
 54392 | Depths:1 | Reached skill level 1 in Earth Magic
 54650 | Depths:1 | Reached skill level 2 in Conjurations
 54893 | Depths:1 | Found a gateway to Hell.
 55028 | Depths:1 | Found a sparkling altar of Nemelex Xobeh.
 55058 | Depths:1 | Reached skill level 2 in Earth Magic
 55921 | Depths:2 | Found Ovuotoxe's General Store.
 56032 | Depths:2 | Reached skill level 11 in Armour
 56032 | Depths:2 | Reached skill level 3 in Conjurations
 56047 | Depths:2 | HP: 27/114 [poisoned by a green ugly thing]
 56052 | Depths:2 | HP: 23/114 [poisoned by a green ugly thing]
 56057 | Depths:2 | HP: 20/114 [poisoned by a green ugly thing]
 56062 | Depths:2 | HP: 21/114 [poisoned by a green ugly thing]
 56067 | Depths:2 | HP: 21/114 [poisoned by a green ugly thing]
 56072 | Depths:2 | HP: 24/114 [poisoned by a green ugly thing]
 56077 | Depths:2 | HP: 26/114 [poisoned by a green ugly thing]
 56186 | Depths:2 | Noticed a juggernaut
 56237 | Depths:2 | Noticed a juggernaut
 56260 | Depths:2 | HP: 27/114 [spriggan air mage/the air[a spriggan defender] (4)]
 56266 | Depths:2 | HP: 23/114 [poisoned by a spriggan defender]
 56272 | Depths:2 | HP: 26/114 [poisoned by a spriggan defender]
 56343 | Depths:2 | Reached skill level 3 in Earth Magic
 56601 | Depths:2 | Noticed a golden dragon
 56645 | Depths:1 | Killed a golden dragon
 56645 | Depths:1 | Reached skill level 10 in Evocations
 57099 | Hell     | Entered the Vestibule of Hell
 57099 | Hell     | Noticed Geryon
 57274 | Depths:1 | Reached skill level 4 in Conjurations
 57473 | Depths:1 | Reached skill level 14 in Dodging
 57524 | Hell     | Gained mutation: You are dopey. (Int -2) [a cacodemon]
 57552 | Depths:1 | Reached skill level 14 in Fighting
 57749 | Depths:1 | Reached XP level 22. HP: 111/120 MP: 30/30
 57883 | Hell     | HP: 25/120 [soul eater (6)]
 58055 | Hell     | HP: 25/120 [hell beast[Geryon] (12)]
 58055 | Hell     | HP: 11/120 [hell beast[Geryon] (2)]
 58072 | Depths:1 | HP: 1/120 [reaper/antimagic scythe (22)]
 58280 | Depths:2 | Found a corrupted altar of Lugonu.
 58280 | Depths:2 | Found a one-way gate to the infinite horrors of the Abyss.
 58320 | Depths:2 | HP: 25/120 [juggernaut (39)]
 58325 | Depths:2 | HP: 12/120 [poisoned by a reaper]
 58327 | Depths:2 | Slain by a juggernaut

Vault maps used:
D:1:      dpeg_arrival_connections, wad_floor_pattern_2
D:2:      bloody_trog, uniq_iyjb, uniq_jessica
D:3:      forest_paths, nicolae_ru_path_of_blood, first_bread, baited_tele_trap
D:4:      minmay_ogre_servants
D:5:      gammafunk_temple_overflow_forgotten,
          minmay_temple_entry_enclosed_plants
D:6:      lemuel_zombie_altar_kikubaaqudgha, nicolae_underground_beach
D:8:      lemuel_doored_altar, grunt_ministairs_6, grunt_ogre_cave, uniq_edmund,
          uniq_prince_ribbit1
D:9:      nicolae_qazlal_style_of_elements, orc_0_dummy, serial_shops, shop,
          basic_altar, uniq_grum
D:10:     amethyst_killhole, spider_trap
D:11:     boulder_corridor_run, erik_lair_boring, serial_shops,
          nicolae_shop_trees, minmay_item_behind_shaft, uniq_gastronok
D:12:     min_item_tele_traps, grunt_ministairs_12,
          nrook_guardian_serpent_ordinary, uniq_maurice
D:13:     minmay_fountain_box, lemuel_angel_altar, uniq_fannar, uniq_erolcha
D:14:     grunt_vaults_entry_tiered, tso_metal_star, lab_entry_generic,
          lemuel_flame_loot_1, uniq_kirke
D:15:     hangedman_depths_entry_civil_slaughter, fountainhead
Temple:   triangle_lava_temple_11
Lair:1:   beast_lair_carwin_large_1, basic_altar, pond
Lair:3:   nicolae_swamp_entry_splash_gauntlet, minivault_25,
          guppyfry_lair_drakes, infiniplex_staircase_pool
Lair:4:   grunt_megastairs_4
Lair:5:   basic_altar, serial_bayou_shore_a
Lair:6:   spider_nest_entry_a, basic_altar
Lair:7:   pond_and_an_island_with_a_cottage, minmay_slime_entry_oklob_open
Lair:8:   minmay_lair_end_frog_pond, worms_lemuel
Swamp:1:  nicolae_swamp_treefoil, nicolae_swamp_baby_hydras, uniq_josephine
Swamp:2:  hangedman_swamp_pad, st_swamp_ruins_2, infiniplex_staircase_pool_2
Swamp:3:  evilmike_swamp_ruin_house_4
Swamp:4:  serial_swamp_ruin, evilmike_swamp_ruin_rubble_1,
          evilmike_swamp_ruin_rubble_2, uniq_mara
Swamp:5:  swamp_pestilence
Spider:1: spider_trap, nicolae_looking_at_the_future
Spider:3: uniq_arachne
Spider:4: uniq_louise, uniq_aizul
Spider:5: grunt_spider_rune_parallel
Orc:1:    basic_altar, uniq_duvessa
Orc:2:    basic_altar
Orc:3:    serial_shops, nicolae_shop_waterfront, nicolae_orc_pool_cavern,
          mines1_david
Orc:4:    portal_ice_cave_entry_pillars_02, grunt_orc_gardens, grunt_orc_garden,
          grunt_orc_garden, grunt_orc_garden, grunt_orc_garden, uniq_erica
Elf:1:    minmay_elf_crystal_square, serial_shops, shop, minmay_elf_demonology,
          minmay_crystal_room, uniq_frances
Vaults:1: v_misc_26, nicolae_vaults_what_the_h, nicolae_vaults_fighting_squares,
          nicolae_vaults_network_square, v_misc_22, v_rooms_1, v_misc_22,
          vaults_room_door_hall, ontoclasm_vaults_gateway,
          ontoclasm_vaults_ring_small, ontoclasm_vaults_eye,
          grunt_vaults_hallway_long, vaults_room_pool
Vaults:2: ontoclasm_vaults_ligature, minmay_crypt_entry_necro_gods,
          grunt_vaults_hallway_short, vaults_room_ringed_pool,
          hangedman_vaults_slice, v_misc_25, hangedman_vaults_nodes,
          uniq_wiglaf, uniq_saint_roka
Vaults:3: v_misc_3, hangedman_vaults_impose, vaults_mumra_hexcomb, v_misc_22,
          vaults_dpeg_encased_lava, vaults_mumra_hex, serial_shops, shop,
          uniq_jory, uniq_norris
Vaults:4: nicolae_vaults_little_squares_4, v_misc_11, vaults_room_octagon,
          vaults_room_pool, nicolae_vaults_mini_display_case, v_alt_pattern_4,
          grunt_vaults_hallway_short, v_misc_8, v_misc_1,
          nicolae_vaults_know_your_exits, ontoclasm_vaults_twist,
          grunt_vaults_funnel, nicolae_vaults_circle_grid_a, serial_shops, shop
Depths:1: hell_entry, nicolae_twisting_strands, nemelex_altar_shiori
Depths:2: minmay_outward_triangles, serial_shops, shop, abyss_entry_flame_altar,
          minmay_misc_feat_nine_boxes, hellmouth_3, corexii_hall_statues_i,
          nicolae_water_bricks
Lab:      nicolae_lab_dead_adventurers, lab_statue
IceCv:    ice_cave_small_demon

Skill      XL: |  1  2  3  4  5  6  7  8  9 10 11 12 13 14 15 16 17 18 19 20 21 |
---------------+----------------------------------------------------------------+-----
Stealth        | 5 6 7 8 9 11 12 13 14 16 17 18 19 20 21 | 21.7
Dodging        | 1 5 10 11 12 13 14 | 14.1
Invocations    | 1 5 6 7 8 9 |  9.8
Evocations     | 1 5 8 9 10 | 10.2
Hexes          | 1 |  2.5
Short Blades   | 5 |  9.7
Armour         | 1 5 9 10 11 | 11.2
Fighting       | 5 11 12 13 14 | 14.0
Shields        | 5 |  5.3
Charms         | 1 3 5 6 8 9 |  9.3
Necromancy     | 1 3 5 6 8 9 |  9.1
Bows           | 2 3 |  3.6
Conjurations   | 4 |  4.1
Earth Magic    | 3 |  3.8
Throwing       | |  4.4

Action                   |  1- 3 |  4- 6 |  7- 9 | 10-12 | 13-15 | 16-18 | 19-21 | 22-24 || total
-------------------------+-------+-------+-------+-------+-------+-------+-------+-------++-------
Melee: Dagger            |    56 |   193 |   492 |  1100 |   413 |       |       |       ||  2254
       Quick blade       |       |       |       |     3 |  2016 |  2482 |   190 |       ||  4691
       Quick blade       |       |       |       |       |       |       |  2068 |   154 ||  2222
       Bite              |       |       |       |       |       |       |  1085 |   104 ||  1189
 Fire: Blowgun           |     5 |    14 |    27 |    13 |    18 |       |       |       ||    77
Throw: Javelin           |       |     3 |     8 |     2 |       |       |       |       ||    13
 Abil: Evoke Invisibilit |       |       |       |       |       |       |     3 |       ||     3
Evoke: Club              |       |       |     1 |     3 |       |     1 |       |       ||     5
       Wand              |       |       |       |       |       |       |     2 |     1 ||     3
  Use: Scroll            |       |     7 |     8 |    16 |    14 |    19 |       |       ||    64
       Potion            |       |     1 |     8 |     1 |     6 |       |       |       ||    16
       Scroll            |       |       |       |       |       |       |    11 |     2 ||    13
       Potion            |       |       |       |       |       |       |     7 |       ||     7
 Stab: Sleeping          |     5 |    18 |    27 |    78 |   131 |    90 |     8 |       ||   357
       Distracted        |       |       |     4 |    11 |    39 |    18 |       |       ||    72
       Sleeping          |       |       |       |       |       |       |   108 |       ||   108
       Invisible         |       |       |       |       |       |       |     8 |       ||     8
       Distracted        |       |       |       |       |       |       |    15 |       ||    15
  Eat: Chunk             |       |     9 |    16 |    26 |    43 |    18 |       |       ||   112
       Beef jerky        |       |       |     2 |       |     1 |     3 |       |       ||     6
       Pizza             |       |       |       |     1 |       |     1 |       |       ||     2
       Royal jelly       |       |       |       |     1 |       |       |       |       ||     1
       Bread ration      |       |       |       |       |     2 |     2 |       |       ||     4
       Meat ration       |       |       |       |       |       |     1 |     1 |       ||     2
       Fruit             |       |       |       |       |       |     1 |       |       ||     1
       Chunk             |       |       |       |       |       |       |    27 |       ||    27
       Bread ration      |       |       |       |       |       |       |     2 |       ||     2
       Beef jerky        |       |       |       |       |       |       |     1 |       ||     1
Armor: Ring mail         |       |       |       |       |       |       |   236 |    65 ||   301
Dodge: Dodged            |       |       |       |       |       |       |  1035 |   201 ||  1236
Block: Buckler           |       |       |       |       |       |       |   266 |       ||   266

Vault maps used:
D:1:      dpeg_arrival_connections, wad_floor_pattern_2
D:2:      bloody_trog, uniq_iyjb, uniq_jessica
D:3:      forest_paths, nicolae_ru_path_of_blood, first_bread, baited_tele_trap
D:4:      minmay_ogre_servants
D:5:      gammafunk_temple_overflow_forgotten,
          minmay_temple_entry_enclosed_plants
D:6:      lemuel_zombie_altar_kikubaaqudgha, nicolae_underground_beach
D:8:      lemuel_doored_altar, grunt_ministairs_6, grunt_ogre_cave, uniq_edmund,
          uniq_prince_ribbit1
D:9:      nicolae_qazlal_style_of_elements, orc_0_dummy, serial_shops, shop,
          basic_altar, uniq_grum
D:10:     amethyst_killhole, spider_trap
D:11:     boulder_corridor_run, erik_lair_boring, serial_shops,
          nicolae_shop_trees, minmay_item_behind_shaft, uniq_gastronok
D:12:     min_item_tele_traps, grunt_ministairs_12,
          nrook_guardian_serpent_ordinary, uniq_maurice
D:13:     minmay_fountain_box, lemuel_angel_altar, uniq_fannar, uniq_erolcha
D:14:     grunt_vaults_entry_tiered, tso_metal_star, lab_entry_generic,
          lemuel_flame_loot_1, uniq_kirke
D:15:     hangedman_depths_entry_civil_slaughter, fountainhead
Temple:   triangle_lava_temple_11
Lair:1:   beast_lair_carwin_large_1, basic_altar, pond
Lair:3:   nicolae_swamp_entry_splash_gauntlet, minivault_25,
          guppyfry_lair_drakes, infiniplex_staircase_pool
Lair:4:   grunt_megastairs_4
Lair:5:   basic_altar, serial_bayou_shore_a
Lair:6:   spider_nest_entry_a, basic_altar
Lair:7:   pond_and_an_island_with_a_cottage, minmay_slime_entry_oklob_open
Lair:8:   minmay_lair_end_frog_pond, worms_lemuel
Swamp:1:  nicolae_swamp_treefoil, nicolae_swamp_baby_hydras, uniq_josephine
Swamp:2:  hangedman_swamp_pad, st_swamp_ruins_2, infiniplex_staircase_pool_2
Swamp:3:  evilmike_swamp_ruin_house_4
Swamp:4:  serial_swamp_ruin, evilmike_swamp_ruin_rubble_1,
          evilmike_swamp_ruin_rubble_2, uniq_mara
Swamp:5:  swamp_pestilence
Spider:1: spider_trap, nicolae_looking_at_the_future
Spider:3: uniq_arachne
Spider:4: uniq_louise, uniq_aizul
Spider:5: grunt_spider_rune_parallel
Orc:1:    basic_altar, uniq_duvessa
Orc:2:    basic_altar
Orc:3:    serial_shops, nicolae_shop_waterfront, nicolae_orc_pool_cavern,
          mines1_david
Orc:4:    portal_ice_cave_entry_pillars_02, grunt_orc_gardens, grunt_orc_garden,
          grunt_orc_garden, grunt_orc_garden, grunt_orc_garden, uniq_erica
Elf:1:    minmay_elf_crystal_square, serial_shops, shop, minmay_elf_demonology,
          minmay_crystal_room, uniq_frances
Vaults:1: v_misc_26, nicolae_vaults_what_the_h, nicolae_vaults_fighting_squares,
          nicolae_vaults_network_square, v_misc_22, v_rooms_1, v_misc_22,
          vaults_room_door_hall, ontoclasm_vaults_gateway,
          ontoclasm_vaults_ring_small, ontoclasm_vaults_eye,
          grunt_vaults_hallway_long, vaults_room_pool
Vaults:2: ontoclasm_vaults_ligature, minmay_crypt_entry_necro_gods,
          grunt_vaults_hallway_short, vaults_room_ringed_pool,
          hangedman_vaults_slice, v_misc_25, hangedman_vaults_nodes,
          uniq_wiglaf, uniq_saint_roka
Vaults:3: v_misc_3, hangedman_vaults_impose, vaults_mumra_hexcomb, v_misc_22,
          vaults_dpeg_encased_lava, vaults_mumra_hex, serial_shops, shop,
          uniq_jory, uniq_norris
Vaults:4: nicolae_vaults_little_squares_4, v_misc_11, vaults_room_octagon,
          vaults_room_pool, nicolae_vaults_mini_display_case, v_alt_pattern_4,
          grunt_vaults_hallway_short, v_misc_8, v_misc_1,
          nicolae_vaults_know_your_exits, ontoclasm_vaults_twist,
          grunt_vaults_funnel, nicolae_vaults_circle_grid_a, serial_shops, shop
Depths:1: hell_entry, nicolae_twisting_strands, nemelex_altar_shiori
Depths:2: minmay_outward_triangles, serial_shops, shop, abyss_entry_flame_altar,
          minmay_misc_feat_nine_boxes, hellmouth_3, corexii_hall_statues_i,
          nicolae_water_bricks
Lab:      nicolae_lab_dead_adventurers, lab_statue
IceCv:    ice_cave_small_demon

Table legend:
 A = Turns spent in this place as a percentage of turns spent in the entire game.
 B = Non-inter-level travel turns spent in this place as a percentage of non-inter-level travel turns spent in the entire game.
 C = Inter-level travel turns spent in this place as a percentage of turns spent in this place.
 D = Turns resting spent in this place as a percentage of non-inter-level travel turns spent in this place.
 E = Turns spent auto-exploring this place as a percentage of non-inter-level travel turns spent in this place.
 F = Non-inter-level travel turns spent in this place divided by the number of levels of this place that you've seen.
                   A       B       C       D       E      F
               +-------+-------+-------+-------+-------+----------------------
         Total | 100.0 | 100.0 |   0.6 |   1.6 |   2.6 | 683.4
       Dungeon |  31.8 |  31.7 |   0.9 |   1.1 |   3.4 | 693.7
        Temple |   0.2 |   0.2 |   0.0 |   3.3 |  13.3 |  60.0
          Lair |  22.8 |  22.8 |   0.5 |   1.3 |   0.8 | 935.4
         Swamp |   8.1 |   8.1 |   0.7 |   1.8 |   3.5 | 532.4
   Spider Nest |   8.9 |   8.9 |   0.6 |   1.3 |   4.9 | 586.8
  Orcish Mines |   6.8 |   6.8 |   0.8 |   1.7 |   3.2 | 558.2
   Elven Halls |   1.5 |   1.5 |   0.0 |   0.4 |   0.0 | 485.0
        Vaults |  10.6 |  10.6 |   0.2 |   2.2 |   3.2 | 870.2
        Depths |   6.0 |   6.0 |   0.4 |   4.8 |   1.5 | 984.0
          Hell |   0.3 |   0.3 |   0.0 |   0.0 |   0.0 |  94.0
     Labyrinth |   1.2 |   1.2 |   0.0 |   0.5 |   0.0 | 407.0
      Ice Cave |   1.8 |   1.8 |   0.0 |   2.2 |   0.0 | 591.0
               +-------+-------+-------+-------+-------+----------------------

Table legend:
 A = Kills in this place as a percentage of kills in entire the game.
 B = Kills by you in this place as a percentage of kills by you in the entire game.
 C = Kills by friends in this place as a percentage of kills by friends in the entire game.
 D = Other kills in this place as a percentage of other kills in the entire game.
 E = Experience gained in this place as a percentage of experience gained in the entire game.
 F = Experience gained in this place divided by the number of levels of this place that you have seen.
                   A       B       C       D       E      F
               +-------+-------+-------+-------+-------+----------------------
         Total | 100.0 | 100.0 |  -nan | 100.0 | 100.0 | 12584.6
       Dungeon |  24.6 |  24.6 |  -nan |   0.0 |   9.3 | 3758.0
        Temple |   0.0 |   0.0 |  -nan |   0.0 |   0.0 |  12.0
          Lair |  18.1 |  18.1 |  -nan |   0.0 |  11.2 | 8448.0
         Swamp |   8.9 |   8.9 |  -nan |   0.0 |  11.6 | 13975.4
   Spider Nest |  12.6 |  12.6 |  -nan |   0.0 |  18.4 | 22234.2
  Orcish Mines |  11.8 |  11.8 |  -nan |  50.0 |   3.6 | 5397.8
   Elven Halls |   0.8 |   0.8 |  -nan |   0.0 |   0.9 | 5313.0
        Vaults |  14.5 |  14.5 |  -nan |  50.0 |  27.1 | 40951.0
        Depths |   7.1 |   7.1 |  -nan |   0.0 |  16.5 | 49797.0
          Hell |   0.1 |   0.1 |  -nan |   0.0 |   0.2 | 1210.0
     Labyrinth |   0.2 |   0.2 |  -nan |   0.0 |   0.3 | 1800.0
      Ice Cave |   1.3 |   1.3 |  -nan |   0.0 |   0.9 | 5733.0
               +-------+-------+-------+-------+-------+----------------------
